 Dungeon Sprint DCSS version 0.13-a0-2995-g9a84c3d (webtiles) character file.

687 Misa the Protected (level 7, -2/102 HPs)
             Began as a Deep Dwarf Berserker on Sept 8, 2013.
             Was a High Priest of Trog.
             Slain by a 13-headed hydra (9 damage)
             ... in the Dungeon (Sprint IX: "|||||||||||||||||||||||||||||").
             The game lasted 00:03:01 (207 turns).

Misa the Protected (Deep Dwarf Berserker)            Turns: 207, Time: 00:03:02

HP  -2/102       AC 15     Str 26      XL: 7   Next: 31%
MP   6/6         EV 11     Int  9      God: Trog [*****.]
Gold 20          SH  0     Dex 17      Spells:  0 memorised,  6 levels left

Res.Fire  : . . .   See Invis. : +   r - +2 scimitar of Causality {drain, Noisy +Fl Res.Cold : . . . Warding : . p - +1 chain mail Life Prot.: + . . Conserve : . (no shield)
Res.Poison: .       Res.Corr.  : .   q - +0 helmet
Res.Elec. : .       Clarity    : .   (no cloak)
Sust.Abil.: . .     Spirit.Shd : .   (no gloves)
Res.Mut.  : .       Prev.Telep.: +   (no boots)
Res.Rott. : .       Flight     : .   (no amulet)
Saprovore : . . .                    o - +2 ring of protection
                                     n - +3 ring of dexterity

@: non-regenerating, berserking (expiring), mildly poisoned, very quick, very
resistant to hostile enchantments, extremely unstealthy
A: damage resistance, recharge devices, sense surroundings 1, slow healing 3
a: Device Recharging, Burn Spellbooks, Berserk, Trog's Hand, Brothers in Arms,
Renounce Religion, Evoke Flight


You were in the Dungeon.
You worshipped Trog.
Trog was extremely pleased with you.
You were not hungry.

You visited 1 branch

Inventory:

Hand weapons
 a - a +0,+0 dwarven falchion
 r - the +2,+2 scimitar of Causality (weapon) {drain, Noisy +Fly rN+ Int+2 SInv}
   (You found it in the Dungeon)

   A truly terrible weapon, it drains the life of those it strikes.
   It affects your intelligence (+2).
   It protects you from negative energy.
   It enhances your eyesight.
   It lets you fly.
   It makes noises.
Armour
 b - a +0 animal skin
 p - a +1 chain mail (worn)
 q - a +0 helmet (worn)
Magical devices
 c - a wand of heal wounds (5)
 m - a wand of fire (7)
Comestibles
 d - a bread ration
Scrolls
 j - 2 scrolls of blinking
 l - 3 scrolls of remove curse
Jewellery
 n - a +3 ring of dexterity (left hand)
 o - a +2 ring of protection (right hand)
Potions
 e - 5 potions of curing
 f - 3 potions of heal wounds
 g - a potion of speed
 h - 4 potions of magic
 i - a potion of berserk rage
 k - a potion of invisibility


   Skills:
 + Level 7.8 Fighting
 + Level 8.6 Long Blades
 + Level 9.1 Armour
 + Level 9.1 Dodging


You had 6 spell levels left.
You didn't know any spells.

Dungeon Overview and Level Annotations

Branches:
Dungeon (1/1)

Altars:
Ashenzari
Cheibriados
Elyvilon
Fedhas
Kikubaaqudgha
Makhleb
Nemelex Xobeh
Okawaru
Sif Muna
Trog
Vehumet
Xom
Yredelemnul
Zin
the Shining One


Innate Abilities, Weirdness & Mutations

You are resistant to damage.
You can recharge devices by infusing magical energy.
You passively map a small area around you.
You do not heal naturally.


Message History

The 12-headed hydra bites you!
* * * LOW HITPOINT WARNING * * *
The 12-headed hydra bites you. The 12-headed hydra barely misses you.
The 12-headed hydra completely misses you.
The 12-headed hydra misses you.
The 12-headed hydra bites you but does no damage.
The 12-headed hydra closely misses you.
The 12-headed hydra bites you but does no damage.
The 12-headed hydra bites you!
* * * LOW HITPOINT WARNING * * *
You lop one of the 12-headed hydra's heads off!
The 11-headed hydra grows two more!
You slash the 13-headed hydra!
The 13-headed hydra is heavily wounded.
Your scimitar of Causality says, "Why don't you say something for a change?"
You barely miss the 13-headed hydra.
The 13-headed hydra is heavily wounded.
The 13-headed hydra closely misses you.
The 13-headed hydra bites you but does no damage.
The 13-headed hydra closely misses you. The 13-headed hydra bites you!
You die...

*
#.#
,
#.#
*
#)#
,
,#)#
, ,
#)#
,
#.#
* *,
#.#
,
#.#
*, *
#@#
,
#D#
,
#I#
,#o#
#a#
,
#y#
* ,
#.#
,
#.#
+
#+#


You could see a 13-headed hydra, an orc warrior, a vampire mosquito, an ice
beast and a worker ant.

Vanquished Creatures
  A hill giant (D)
  A phantom (D)
  2 giant frogs (D)
  An orc wizard (D)
  A worker ant (D)
  An adder (D)
  A giant gecko (D)
  An orc (D)
  A hobgoblin (D)
  2 kobolds (D)
  2 goblins (D)
  A quokka zombie (D)
  A rat (D)
  A rat skeleton (D)
17 creatures vanquished.

Notes
Turn   | Place    | Note
--------------------------------------------------------------
     0 | D        | Misa, the Deep Dwarf Berserker, began the quest for the Orb.
     0 | D        | Reached XP level 1. HP: 21/21 MP: 0/0
    14 | D        | Acquired Trog's second power
    28 | D        | Noticed an orc wizard
    43 | D        | Killed an orc wizard
    43 | D        | Reached skill level 4 in Fighting
    43 | D        | Reached XP level 2. HP: 8/30 MP: 1/1
    43 | D        | Reached XP level 3. HP: 9/36 MP: 2/2
    60 | D        | Acquired Trog's third power
    67 | D        | Found a glowing silver altar of Zin.
    67 | D        | Found a blossoming altar of Fedhas.
    67 | D        | Found a shattered altar of Ashenzari.
    67 | D        | Found a white marble altar of Elyvilon.
    67 | D        | Found a radiant altar of Vehumet.
    67 | D        | Found a glowing golden altar of the Shining One.
    67 | D        | Found a shimmering altar of Xom.
    68 | D        | Found a snail-covered altar of Cheibriados.
    69 | D        | Found a deep blue altar of Sif Muna.
    70 | D        | Found a bloodstained altar of Trog.
    71 | D        | Found an ancient bone altar of Kikubaaqudgha.
    72 | D        | Found a burning altar of Makhleb.
    73 | D        | Found a sparkling altar of Nemelex Xobeh.
    74 | D        | Found a basalt altar of Yredelemnul.
    75 | D        | Found an iron altar of Okawaru.
    76 | D        | Found a burning altar of Makhleb.
    77 | D        | Found a snail-covered altar of Cheibriados.
   124 | D        | Got the +2,+2 scimitar of Causality {drain, Noisy +Fly rN+ Int+2 SInv}
   139 | D        | Noticed a hill giant
   139 | D        | Noticed a worker ant
   139 | D        | Noticed a giant frog
   139 | D        | Noticed a giant frog
   145 | D        | Killed a hill giant
   145 | D        | Reached skill level 7 in Fighting
   145 | D        | Reached skill level 8 in Armour
   145 | D        | Reached XP level 4. HP: 24/45 MP: 3/3
   145 | D        | Reached XP level 5. HP: 27/52 MP: 4/4
   145 | D        | Reached XP level 6. HP: 31/61 MP: 5/5
   146 | D        | Killed a worker ant
   148 | D        | Killed a giant frog
   148 | D        | Reached XP level 7. HP: 34/68 MP: 6/6
   156 | D        | Killed a giant frog
   194 | D        | Noticed a phantom
   194 | D        | Noticed an eight-headed hydra
   194 | D        | Noticed an ice beast
   194 | D        | Noticed an orc warrior
   194 | D        | Noticed a worker ant
   194 | D        | Noticed a vampire mosquito
   199 | D        | Killed a phantom
   199 | D        | Reached skill level 9 in Armour
   205 | D        | HP: 5/102 [12-headed hydra (8)]
   207 | D        | Slain by a 13-headed hydra

Action                   |  1- 3 |  4- 6 |  7- 9 || total
-------------------------+-------+-------+-------++-------
Melee: Falchion          |    31 |       |       ||    31
       Scimitar          |     5 |     2 |    17 ||    24
Invok: Trog's Hand       |     1 |       |     3 ||     4
       Berserk           |     1 |       |     1 ||     2
